 Dungeon Crawl Stone Soup version 0.26-a0-30-g56b8cd3df0 (webtiles) character file.

Game seed: 1270150097296599664, levelgen mode: deterministic

130 Lanoc the Insei (level 4, -1/33 HPs)
             Began as a Demonspawn Transmuter on June 1, 2020.
             Slain by Grinder (8 damage)
             ... while paralysed by Grinder
             ... on level 3 of the Dungeon.
             The game lasted 00:03:40 (2833 turns).

Lanoc the Insei (Demonspawn Transmuter)             Turns: 2833, Time: 00:03:41

Health: -1/33      AC:  4    Str: 11    XL:     4   Next: 90%
Magic:  5/7        EV:  2    Int: 14    God:
Gold:   71         SH:  0    Dex: 14    Spells: 2/8 levels left

rFire    . . .     SeeInvis .     - Unarmed
rCold    . . .     Gourm    .   (no shield)
rNeg     . . .     Faith    .   b - +0 robe
rPois    .         Spirit   .   (no helmet)
rElec    .         Reflect  .   (no cloak)
rCorr    .         Harm     .   (no gloves)
MR       .....                  (no boots)
Stlth    +.........             (no amulet)
HPRegen  0.11/turn              (no ring)
MPRegen  0.10/turn              (no ring)

@: paralysed, lethally poisoned (-1 -> -19)
A: slimy green scales 1, powered by death 1
a: no special abilities


You were on level 3 of the Dungeon.
You were not hungry.

You visited 1 branch of the dungeon, and saw 3 of its levels.

You collected 71 gold pieces.

Inventory:

Missiles
 a - 76 arrows
Armour
 b - a +0 robe (worn)
 j - a +0 tower shield
Scrolls
 c - 8 scrolls of identify {unknown}
 f - a scroll of enchant armour {unknown}
 h - 3 scrolls of remove curse {unknown}
 i - 3 scrolls of teleportation {unknown}
Potions
 e - a potion of brilliance {unknown}
 g - 2 potions of might {unknown}
 k - 2 potions of haste {unknown}
 m - a potion of stabbing {unknown}
 n - 2 potions of curing {unknown}
 o - 2 potions of flight {unknown}
Comestibles
 d - 6 rations


   Skills:
 + Level 2.0 Fighting
 + Level 2.3 Dodging
 * Level 3.5 Unarmed Combat
 + Level 2.5 Spellcasting
 * Level 2.9 Transmutations


You had 2 spell levels left.
You knew the following spells:

 Your Spells              Type           Power        Failure   Level  Hunger
a - Beastly Appendage     Tmut           ##....       7%          1    #......
b - Sticks to Snakes      Tmut           ##......     10%         2    ###....
c - Spider Form           Tmut/Pois      #.........   36%         3    ###....

Your spell library contained the following spells:

 Spells                   Type           Power        Failure   Level  Hunger
 Ice Form                 Ice/Tmut       #.......     77%         4    #####..
 Blade Hands              Tmut           ##........   88%         5    ######.


Dungeon Overview and Level Annotations

Branches:
Dungeon (3/15)

Altars:

Annotations:
D:3 Grinder


Innate Abilities, Weirdness & Mutations

You are partially covered in slimy green scales. (AC +2)
You regenerate a little health from kills.


Message History

Grinder is lightly wounded.
The kobold hits you but does no damage. Grinder closely misses you.
Casting: Beastly Appendage (safe; 7% risk of failure)
Confirm with . or Enter, or press ? or * to list all spells.
You create a snake!
You now have 76 arrows.
The kobold closely misses you.
Grinder says, "There's only one good use for a tongue: cutting it out."
Grinder blinks!
The kobold throws a poisoned dart.
The poisoned dart misses you. Grinder gestures at you.
You suddenly lose the ability to move!
The kobold throws a poisoned dart.
The poisoned dart barely misses you.
The kobold throws a poisoned dart.
The poisoned dart hits you!
You are poisoned.
Grinder hits you!
You writhe in agony.
* * * LOW HITPOINT WARNING * * *
* * * LOW HITPOINT WARNING * * *
You feel sick.
The kobold throws a poisoned dart.
The poisoned dart hits you!
You are more poisoned.
Grinder hits you!
You die...

#. ##.###....###..# ...
#.## #.....##..#
...#######..###.#.#.##..#
...........#.#......##..#
#....#.#.#.#....#.#.....#
##........[.###.....##.##
#....#.#.#..#####.####.#
.#...K(5...$(......
#....#.#@#.#########
###.....S..# #....#####
#####


You could see Grinder, a kobold and a friendly ball python.

Vanquished Creatures
  Jessica (D:2)
  4 adders
  An ooze (D:3)
  2 worms
  2 dart slugs (D:1)
  A leopard gecko (D:3)
  An orc (D:3)
  A ball python (D:1)
  2 giant cockroaches
  3 goblins
  7 hobgoblins
  4 jackals (D:1)
  A quokka (D:2)
  7 bats
  2 frilled lizards
  3 kobolds (D:1)
  11 rats
53 creatures vanquished.

Vanquished Creatures (collateral kills)
  A goblin (D:1)
  A hobgoblin (D:1)
2 creatures vanquished.

Grand Total: 55 creatures vanquished

Notes
Turn   | Place    | Note
-------+----------+-------------------------------------------
     0 | D:1      | Lanoc the Demonspawn Transmuter began the quest for the
                  | Orb.
     0 | D:1      | Reached XP level 1. HP: 15/15 MP: 3/3
   286 | D:1      | Gained mutation: You regenerate a little health from kills.
                  | [demonic ancestry]
   286 | D:1      | Reached XP level 2. HP: 13/21 MP: 3/5
   416 | D:1      | Learned a level 2 spell: Sticks to Snakes
   613 | D:1      | Reached skill level 3 in Unarmed Combat
   784 | D:1      | Gained mutation: You are partially covered in slimy green
                  | scales. (AC +2) [demonic ancestry]
   784 | D:1      | Reached XP level 3. HP: 9/26 MP: 0/6
  1353 | D:2      | Noticed Jessica
  1378 | D:2      | Killed Jessica
  1382 | D:2      | Noticed an ice beast
  1929 | D:2      | Reached XP level 4. HP: 32/32 MP: 5/7
  2184 | D:3      | Learned a level 3 spell: Spider Form
  2822 | D:3      | Noticed Grinder
  2830 | D:3      | Paralysed by Grinder for 5 turns
  2833 | D:3      | Slain by Grinder

Illustrated notes

Levels and vault maps discovered:
D:1:      mainiacjoe_arrival_reflecting_pool, layout_basic
D:2:      layout_basic, xom_butterflies, minmay_pentomino_s2, uniq_jessica
D:3:      layout_loops_ring, first_ration, serial_glass, glass_columns_b,
          glass_columns_c, glass_columns_b, glass_columns_a, glass_columns_b,
          glass_columns_a, glass_columns_a, glass_columns_a, glass_columns_c,
          glass_columns_a, glass_columns_c, glass_columns_a, glass_columns_b,
          glass_columns_a, due_unseen_surprise, minmay_strange_pillars,
          item_on_display_a, uniq_grinder

Skill      XL: |  1  2  3  4 |
---------------+-------------+-----
Transmutations | 2 |  2.9
Unarmed Combat | 3 |  3.5
Dodging        | 2 |  2.3
Fighting       | 2 |  2.0
Spellcasting   | |  2.5

Action                   |  1- 3 |  4- 6 || total
-------------------------+-------+-------++-------
Melee: Unarmed           |   122 |    73 ||   195
       Kick              |    14 |     5 ||    19
       Headbutt          |     5 |     6 ||    11
       Punch             |     1 |       ||     1
 Cast: Beastly Appendage |    24 |    13 ||    37
       Sticks to Snakes  |     2 |     1 ||     3
 Stab: Sleeping          |     1 |     2 ||     3
  Eat: Chunk             |     4 |     3 ||     7
Armor: Robe              |    24 |    18 ||    42
Dodge: Dodged            |    93 |    54 ||   147

Table legend:
 A = Non-vault XP
 B = Vault XP
 C = Vault XP percentage of total XP
 D = Non-vault monster count
 E = Vault monster count
 F = Vault count percentage of total count
                 A         B        C        D         E       F
            +---------+---------+-------+---------+---------+-------
      Total |     150 |      37 |  19.8 |      54 |       1 |   1.8
            +---------+---------+-------+---------+---------+-------
        D:1 |      43 |       0 |   0.0 |      24 |       0 |   0.0
        D:2 |      31 |      37 |  54.4 |      11 |       1 |   8.3
        D:3 |      76 |       0 |   0.0 |      19 |       0 |   0.0
            +---------+---------+-------+---------+---------+-------
